 Dungeon Crawl Stone Soup version 0.25.1-2-g60ff931df9 (webtiles) character file.

Game seed: 13946176478659505017

21115 funkygono the Destroyer (level 12, -1/92 HPs)
             Began as a Green Draconian Conjurer on Oct 11, 2020.
             Was a High Priest of Sif Muna.
             Slain by a crocodile (18 damage)
             ... on level 1 of the Lair of Beasts.
             The game lasted 00:40:01 (17392 turns).

funkygono the Destroyer (Green Draconian Conjurer) Turns: 17392, Time: 00:40:02

Health: -1/92      AC: 14    Str: 11    XL:     12   Next: 51%
Magic:  15/26      EV: 16    Int: 26    God:    Sif Muna [*****.]
Gold:   958        SH:  0    Dex: 12    Spells: 16/32 levels left

rFire    . . .     SeeInvis .   t - +7 whip (freeze)
rCold    . . .     Gourm    .   (no shield)
rNeg     . . .     Faith    +   (armour unavailable)
rPois    +         Spirit   .   (helmet restricted)
rElec    .         Reflect  .   p - +0 cloak
rCorr    .         Harm     .   d - +0 pair of gloves
MR       .....                  (no boots)
Stlth    +++.......             o - amulet of faith
HPRegen  0.25/turn              g - +6 ring of intelligence
MPRegen  0.20/turn              G - +4 ring of protection

@: mighty
A: breathe noxious fumes, unfitting armour, poison resistance, cold-blooded, AC
+8
a: Breathe Noxious Fumes, Channel Magic, Forget Spell, Divine Exegesis, Renounce
Religion


You were on level 1 of the Lair of Beasts.
You worshipped Sif Muna.
Sif Muna was extremely pleased with you.
You were not hungry.

You visited 2 branches of the dungeon, and saw 13 of its levels.

You collected 958 gold pieces.

Inventory:

Hand Weapons
 l - the cursed +3 hunting sling of True Grit {speed, rElec Int+4, unknown}
   (You found it on level 1 of the Lair of Beasts)

   Attacks with this weapon are significantly faster.
   It affects your intelligence (+4).
   It insulates you from electricity.
   It has a curse placed upon it.
 t - a +7 whip of freezing (weapon)
Missiles
 i - 324 stones (quivered)
Armour
 d - a +0 pair of gloves (worn)
 p - a +0 cloak (worn)
Magical Staves
 q - an uncursed staff of air
Jewellery
 g - a +6 ring of intelligence (left hand)
 h - a cursed +6 ring of strength
 n - an uncursed ring of flight
 o - an amulet of faith (around neck)
 u - an uncursed ring of fire {unknown}
 D - an uncursed amulet of reflection
 G - a +4 ring of protection (right hand)
Wands
 v - a wand of clouds (12)
 x - a wand of random effects (31)
 F - a wand of iceblast (9)
Scrolls
 k - 12 scrolls of remove curse
 m - 4 scrolls of teleportation
 r - a scroll of fear
 w - a scroll of blinking
 A - 4 scrolls of amnesia
Potions
 a - a potion of ambrosia
 c - 3 potions of haste
 e - 8 potions of curing
 f - 2 potions of resistance
 j - 3 potions of flight
 s - 2 potions of might
 z - a potion of invisibility
 C - 2 potions of stabbing
 E - 3 potions of lignification
Comestibles
 b - 20 rations


   Skills:
 + Level 4.5 Fighting
 + Level 3.4 Maces & Flails
 * Level 8.5 Dodging
 + Level 4.3 Stealth
 + Level 10.7 Spellcasting
 + Level 11.6 Conjurations
 + Level 0.2 Hexes
 * Level 5.6 Fire Magic
 * Level 5.4 Earth Magic


You had 16 spell levels left.
You knew the following spells:

 Your Spells              Type           Power        Failure   Level  Hunger
a - Magic Dart            Conj           ####         1%          1    None
b - Searing Ray           Conj           ######       1%          2    None
c - Dazzling Flash        Conj/Hex       #####.       1%          3    None
d - Fireball              Conj/Fire      ######....   3%          5    ####...
e - Bolt of Magma         Conj/Fire/Erth ######....   5%          5    ####...

Your spell library contained the following spells:

 Spells                   Type           Power        Failure   Level  Hunger
 Sticky Flame             Conj/Fire      ######..     1%          4    None
 Inner Flame              Hex/Fire       ####....     3%          3    None
 Fulminant Prism          Conj/Hex       #####.....   3%          4    None
 Summon Butterflies       Summ           ##......     4%          1    None
 Iskenderun's Mystic Bla  Conj/Tloc      #####...     4%          4    None
 Call Imp                 Summ           ##......     6%          2    None
 Ignite Poison            Fire/Tmut/Pois ###.....     6%          3    None
 Recall                   Summ/Tloc      N/A          13%         3    None
 Starburst                Conj/Fire      ######....   19%         6    #####..
 Cause Fear               Hex            ###.......   36%         4    None
 Aura of Abjuration       Summ           ##........   75%         5    ####...
 Silence                  Hex/Air        ##........   75%         5    ####...
 Summon Forest            Summ/Tloc      ##........   75%         5    ####...
 Yara's Violent Unravell  Hex/Tmut       ##........   75%         5    ####...
 Ring of Flames           Chrm/Fire      ####......   100%        7    #######
 Summon Hydra             Summ           ##........   100%        7    #######
 Discord                  Hex            ###.......   100%        8    #######
 Disjunction              Tloc           ##........   100%        8    #######
 Ignition                 Fire           #####.....   100%        8    #######


Dungeon Overview and Level Annotations

Branches:
Dungeon (11/15)            Temple (0/1) D:7            Lair (2/6) D:11
    Orc (0/2) D:10
  Swamp: Lair:2-4    Shoals: Lair:2-4     Snake: Lair:2-4    Spider: Lair:2-4

Altars:
Ashenzari
Cheibriados
Elyvilon
Fedhas
Hepliaklqana
Kikubaaqudgha
Makhleb
Nemelex Xobeh
Ru
Sif Muna
Trog
Vehumet
Wu Jian
Xom
Yredelemnul
Zin
Beogh

Shops:
D:5 %   D:9 !

Annotations:
D:3 hzb


Innate Abilities, Weirdness & Mutations

You can breathe blasts of noxious fumes.
Your lurid green scales are hard. (AC +8)
You cannot fit into any form of body armour.
Your system is resistant to poisons. (rPois)
You are cold-blooded and may be slowed by cold attacks.


Message History

Sif Muna accepts your kill.
You closely miss the crocodile. You tail-slap the crocodile.
The crocodile is lightly wounded.
The crocodile bites you.
* * * LOW HITPOINT WARNING * * *
You closely miss the crocodile.
The crocodile is lightly wounded.
The crocodile bites you!
* * * LOW HITPOINT WARNING * * *
The yak completely misses you.
You are starving!
The yak gores the plant!
Okay, then.
There is a stone staircase leading up here.
The crocodile misses you.
You climb upwards.
There is a stone staircase leading down here.
You eat one of the 21 rations.
That ration really hit the spot!
The crocodile bites you!!
You die...

.......#...........>........+..##
.......###...#...8...8...#..#..#
.......P#.#....................##
..........##....##...##....##....
...........##.....#.##....##.....
............###..........##......
.......####.#.#.........#........
...#...######...###..#........###
..P#...##..##...@#...##.......###
..##............#t............##.
..P#............#8.>.8#..........
................#...).#......^...
.........####P..##.8...####......
........## #....####...# #......
........#####....P#P#..####......
.........##.##...................
.................................


You could see a crocodile.

Vanquished Creatures
  2 two-headed ogres
  Pikel (D:4)
  4 oklob plants (Lair:1)
  An ugly thing (D:11)
  A cyclops (D:11)
  A manticore (D:10)
  2 black mambas
  Joseph (D:8)
  2 centaur zombies (D:10)
  3 torpor snails (Lair:1)
  3 spiny frogs (Lair:1)
  A rime drake (Lair:1)
  2 komodo dragons
  2 trolls
  Grinder (D:4)
  Prince Ribbit (D:7)
  3 blink frogs (Lair:1)
  4 hippogriffs
  A meliai zombie (D:10)
  12 yaks
  A basilisk (Lair:1)
  A hungry ghost (D:8)
  3 steam dragons
  12 porcupines
  7 water moccasins
  5 orc warriors
  2 slaves (D:4)
  2 sky beasts (D:10)
  2 black bears
  2 ice beasts
  9 centaurs
  3 ogres
  6 crocodiles
  A big kobold (D:10)
  8 bullfrogs
  A scorpion (D:11)
  8 wights
  5 crimson imps
  A bullfrog zombie (D:10)
  A quasit (D:9)
  5 jellies
  8 orc priests
  2 bullfrog skeletons
  8 hounds
  12 orc wizards
  3 centaur skeletons
  2 iguanas
  Natasha (thrice) (D:3)
  7 worker ants
  A hound skeleton (D:4)
  4 gnolls (D:4)
  13 adders
  3 oozes
  4 adder skeletons
  9 worms
  3 dart slugs
  6 leopard geckos
  71 orcs
  4 bat zombies (D:3)
  5 giant cockroaches
  6 goblins
  4 hobgoblins
  6 jackals
  10 kobolds
  2 quokkas
  A ball python (D:2)
  7 bats
  6 frilled lizards
  A leopard gecko skeleton (D:5)
  A leopard gecko zombie (D:8)
  2 quokka skeletons
  A quokka zombie (D:6)
  15 rats
  2 rat zombies (D:3)
  A plant (Lair:1)
366 creatures vanquished.

Vanquished Creatures (others)
  A bush (D:11)
  8 fungi
  9 plants
  6 toadstools (D:1)
24 creatures vanquished.

Grand Total: 390 creatures vanquished

Notes
Turn   | Place    | Note
-------+----------+-------------------------------------------
     0 | D:1      | funkygono the Draconian Conjurer began the quest for the
                  | Orb.
     0 | D:1      | Reached XP level 1. HP: 14/14 MP: 3/3
   332 | D:1      | Reached XP level 2. HP: 2/20 MP: 1/5
   684 | D:1      | Learned a level 2 spell: Searing Ray
  1070 | D:1      | Reached XP level 3. HP: 27/27 MP: 2/6
  1597 | D:2      | Found a shattered altar of Ashenzari.
  1713 | D:2      | Reached skill level 5 in Conjurations
  2152 | D:2      | Found a sparkling altar of Nemelex Xobeh.
  2309 | D:3      | Noticed Natasha
  2313 | D:3      | Killed Natasha
  2313 | D:3      | Reached XP level 4. HP: 34/34 MP: 3/7
  2971 | D:3      | Noticed Natasha
  2989 | D:3      | Reached XP level 5. HP: 26/39 MP: 1/9
  3243 | D:3      | Killed Natasha
  3243 | D:3      | Reached skill level 6 in Conjurations
  3290 | D:3      | Noticed Natasha
  3293 | D:3      | Killed Natasha
  3293 | D:3      | Reached XP level 6. HP: 34/46 MP: 7/11
  3658 | D:3      | Reached skill level 1 in Fighting
  4064 | D:3      | Found an ancient bone altar of Kikubaaqudgha.
  4146 | D:4      | Noticed Grinder
  4147 | D:4      | Paralysed by Grinder for 3 turns
  4162 | D:4      | Killed Grinder
  4162 | D:4      | Reached skill level 1 in Maces & Flails
  4162 | D:4      | Your scales start taking on a lurid green colour.
  4162 | D:4      | Reached XP level 7. HP: 38/53 MP: 1/14
  4162 | D:4      | Gained mutation: Your system is resistant to poisons.
                  | (rPois) [Green Draconian growth]
  4763 | D:4      | Reached skill level 5 in Spellcasting
  4890 | D:4      | Noticed a moth of wrath
  4893 | D:4      | Found a bloodstained altar of Trog.
  5089 | D:4      | Reached skill level 7 in Conjurations
  5380 | D:4      | Noticed Pikel
  5391 | D:4      | Killed Pikel
  5391 | D:4      | Reached XP level 8. HP: 43/61 MP: 0/17
  5718 | D:5      | Entered Level 5 of the Dungeon
  5841 | D:5      | Found Neaten's Food Boutique.
  5930 | D:5      | Reached skill level 8 in Conjurations
  6271 | D:5      | Found a white marble altar of Elyvilon.
  6307 | D:5      | Found a blossoming altar of Fedhas.
  6308 | D:5      | Found a sacrificial altar of Ru.
  6308 | D:5      | Found a shimmering blue altar of Sif Muna.
  6331 | D:5      | Found a burning altar of Makhleb.
  6331 | D:5      | Found a radiant altar of Vehumet.
  6332 | D:5      | Found an ornate altar of the Wu Jian Council.
  6344 | D:5      | Became a worshipper of Sif Muna the Loreminder
  6417 | D:5      | Found a glowing silver altar of Zin.
  7329 | D:6      | Reached XP level 9. HP: 67/67 MP: 14/19
  7647 | D:6      | Reached skill level 9 in Conjurations
  7852 | D:7      | Reached * piety under Sif Muna
  8060 | D:7      | Found a staircase to the Ecumenical Temple.
  8239 | D:7      | Noticed Prince Ribbit
  8245 | D:7      | Killed Prince Ribbit
  8294 | D:7      | Found a hazy altar of Hepliaklqana.
  8295 | D:7      | Found a shimmering altar of Xom.
  8296 | D:7      | Noticed a spectral ugly thing
  8671 | D:8      | Noticed a troll
  8680 | D:8      | Killed a troll
  8954 | D:8      | Noticed a two-headed ogre
  8963 | D:8      | Killed a two-headed ogre
  8963 | D:8      | Reached ** piety under Sif Muna
  8963 | D:8      | Reached skill level 5 in Dodging
  8963 | D:8      | Reached skill level 10 in Conjurations
  8963 | D:8      | Reached XP level 10. HP: 74/74 MP: 15/22
  9174 | D:8      | Noticed Joseph
  9181 | D:8      | Killed Joseph
  9243 | D:8      | Identified Qaose's Reference Book on Destructive Calling
  9280 | D:8      | Learned a level 5 spell: Bolt of Magma
  9462 | D:9      | Reached skill level 1 in Earth Magic
  9641 | D:9      | Reached skill level 1 in Fire Magic
 10047 | D:9      | Found a roughly hewn altar of Beogh.
 10057 | D:9      | Reached *** piety under Sif Muna
 10339 | D:9      | Found a basalt altar of Yredelemnul.
 10500 | D:9      | Found Limao's Distillery.
 10893 | D:10     | Entered Level 10 of the Dungeon
 11570 | D:10     | Reached **** piety under Sif Muna
 11784 | D:10     | Found a staircase to the Orcish Mines.
 11784 | D:10     | Noticed a manticore
 11797 | D:10     | Killed a manticore
 11805 | D:10     | Reached XP level 11. HP: 21/82 MP: 3/24
 13139 | D:11     | Noticed a two-headed ogre
 13148 | D:11     | Killed a two-headed ogre
 13379 | D:11     | Found a staircase to the Lair.
 13406 | D:11     | Reached skill level 10 in Spellcasting
 13854 | D:11     | Noticed a red ugly thing
 13867 | D:11     | Killed a red ugly thing
 14331 | Lair:1   | Entered Level 1 of the Lair of Beasts
 14518 | Lair:1   | Reached ***** piety under Sif Muna
 14682 | Lair:1   | Reached skill level 11 in Conjurations
 14707 | Lair:1   | Learned a level 3 spell: Dazzling Flash
 14789 | Lair:1   | Identified Sif Muna's Incunabulum of Fiery Dislocation (Sif
                  | Muna gifted it to you on level 1 of the Lair of Beasts)
 14789 | Lair:1   | Received a gift from Sif Muna
 14799 | Lair:1   | Learned a level 5 spell: Fireball
 15252 | Lair:1   | Found a snail-covered altar of Cheibriados.
 15264 | Lair:1   | Reached XP level 12. HP: 88/91 MP: 11/26
 15302 | Lair:1   | Reached skill level 5 in Fire Magic
 16043 | Lair:1   | Reached skill level 5 in Earth Magic
 16102 | Lair:1   | Got an ichor-stained hunting sling
 17332 | Lair:2   | HP: 2/92 [crocodile (15)]
 17392 | Lair:1   | Slain by a crocodile

Illustrated notes

Levels and vault maps discovered:
D:1:      minmay_arrival_nine_rooms, layout_basic, minmay_gold_behind_fungi
D:2:      layout_basic, ashenzari_conservatory_becter, nemelex_altar_shiori
D:3:      layout_basic, lemuel_zombie_altar_kikubaaqudgha, first_ration,
          uniq_natasha
D:4:      layout_basic, tgw_trog, portal_sewer_entry_a,
          minmay_misc_feat_columns, uniq_pikel, uniq_grinder
D:5:      layout_loops_ring, elyvilon_altar_3, grunt_temple_overflow_open,
          marbit_many_paths, serial_shops, nicolae_shop_trees,
          minmay_misc_feat_more_columns
D:6:      kennysheep_steamy, layout_loops_cross
D:7:      layout_basic, regret_index_temple_of_mockery,
          minmay_temple_entry_glassed_door, uniq_prince_ribbit1
D:8:      layout_basic, minivault_25, uniq_joseph
D:9:      layout_roguey [special_room_orc], serial_shops, shop, serial_curves,
          eino_curves_01, eino_curves_02, grunt_pizzeria,
          yredelemnul_altar_generic
D:10:     layout_long_grid, orc_0_dummy
D:11:     layout_long_grid, minmay_lair_entry_grove
Lair:1:   layout_small_grid, kennysheep_snail_temple, minmay_lair_oklob_chamber,
          grunt_megastairs_2
Lair:2:   layout_cave_shapes, beast_lair_carwin_4, serial_bayou_shore_b,
          lemuel_fruit_tree

Skill      XL: |  1  2  3  4  5  6  7  8  9 10 11 12 |
---------------+-------------------------------------+-----
Dodging        | 2 3 5 7 8 |  8.5
Conjurations   | 5 6 7 8 10 11 | 11.6
Spellcasting   | 3 4 6 8 9 10 | 10.7
Fighting       | 1 2 3 4 |  4.5
Maces & Flails | 1 2 3 |  3.4
Stealth        | 2 3 4 |  4.3
Earth Magic    | 2 4 5 |  5.4
Fire Magic     | 3 4 5 |  5.6
Hexes          | |  0.2

Action                   |  1- 3 |  4- 6 |  7- 9 | 10-12 || total
-------------------------+-------+-------+-------+-------++-------
Melee: Club              |    30 |       |       |       ||    30
       Unarmed           |     5 |       |       |       ||     5
       Tailslap          |     4 |     1 |     2 |    11 ||    18
       Morningstar       |       |     2 |       |       ||     2
       Flail             |       |     4 |     2 |       ||     6
       Whip              |       |       |    22 |    79 ||   101
 Cast: Magic Dart        |    70 |    37 |   109 |   195 ||   411
       Searing Ray       |     9 |    25 |    64 |   130 ||   228
       Bolt of Magma     |       |       |       |     5 ||     5
       Fireball          |       |       |       |    19 ||    19
       Dazzling Flash    |       |       |       |     1 ||     1
  Use: Scroll            |     6 |     1 |     5 |    16 ||    28
       Potion            |       |       |       |     2 ||     2
  Eat: Chunk             |     6 |     5 |    18 |    13 ||    42
       Ration            |       |       |       |     5 ||     5
Armor: Skin              |    18 |     4 |    19 |    96 ||   137
Dodge: Dodged            |    30 |    12 |    34 |   212 ||   288
